 Dungeon Crawl Stone Soup version 0.30-a0-374-g95c0257040 (webtiles) character file.

Game seed: 15117699240861011316

109 Bnni the Shield-Bearer (level 5, -6/42 HPs)
             Began as a Formicid Fighter on Nov 25, 2022.
             Mangled by a hell rat (12 damage)
             ... in a sewer.
             The game lasted 00:02:50 (1798 turns).

Bnni the Shield-Bearer (Formicid Fighter)           Turns: 1798, Time: 00:02:51

Health: -6/42      AC:  8    Str: 29    XL:     5   Next: 13%
Magic:  5/5        EV:  9    Int:  7    God:
Gold:   134        SH:  5    Dex: 13    Spells: 4/4 levels left

rFire   . . .      SeeInvis +    a - +0 trident
rCold   . . .      Faith    .    c - +0 buckler
rNeg    . . .      Spirit   .    b - +0 scale mail
rPois   .          Reflect  .    (helmet unavailable)
rElec   .          Harm     .    (no cloak)
rCorr   .          Rampage  .    (no gloves)
Will    .....                    q - +0 pair of boots
Stlth   ..........               (no amulet)
HPRegen 0.27/turn                j - +6 ring of strength
MPRegen 0.09/turn                (no ring)

@: no status effects
A: permanent stasis, dig shafts and tunnels, antennae 3, four strong arms
a: Dig


You were in a sewer.
You visited 1 branch of the dungeon, and saw 3 of its levels.
You also visited: Sewer.

You collected 134 gold pieces.

Inventory:

Hand Weapons
 a - a +0 trident (weapon)
Missiles
 g - 3 boomerangs
Armour
 b - a +0 scale mail (worn)
 c - a +0 buckler (worn)
 q - a +0 pair of boots (worn)
Jewellery
 j - a +6 ring of strength (left hand)
Scrolls
 e - 2 scrolls of torment {unknown}
 f - 2 scrolls of teleportation {unknown}
 h - a scroll of identify {unknown}
 o - a scroll of brand weapon {unknown}
 p - a scroll of amnesia {unknown}
Potions
 d - 2 potions of might
 i - a potion of berserk rage {unknown}
 k - a potion of cancellation {unknown}
 l - a potion of curing {unknown}
 m - a potion of ambrosia {unknown}
 n - a potion of lignification {unknown}


   Skills:
 + Level 4.0 Fighting
 * Level 3.7 Polearms
 - Level 3.2 Armour
 - Level 5.0 Shields


You had 4 spell levels left.
You didn't know any spells.
Your spell library contained the following spells:

 Spells                   Type           Power      Damage    Failure   Level
 Sublimation of Blood     Necr           0%         N/A       87%         2
 Wereblood                Tmut           0%         N/A       87%         2
 Summon Hydra             Summ           0%         N/A       100%        7


Dungeon Overview and Level Annotations

Branches:
Dungeon (3/15)              Sewer (1/1)

Altars:


Innate Abilities, Weirdness & Mutations

You cannot be hasted, slowed, berserked, paralysed or teleported.
You can dig through walls and to a lower floor.
You have a pair of large antennae on your head. (SInv)
Your four strong arms can wield two-handed weapons with a shield.


Message History

You enter the shallow water.
Moving in this stuff is going to be slow.
You see here a rat corpse.
You see here a rat corpse.
As you open the door, it creaks loudly!
A hell rat comes into view.
The hell rat roars deafeningly!
The hell rat moves out of view.
Found four items.
Found a gate leading back out of this place.
No target in view!
You enter the shallow water.
Moving in this stuff is going to be slow.
Found three items.
You reach to attack!
You hit the hell rat.
The hell rat is moderately wounded.
You hit the hell rat.
The hell rat is severely wounded.
The hell rat bites you!
You closely miss the hell rat.
The hell rat is severely wounded.
The hell rat barely misses you. The hell rat closely misses you.
Your unstable footing causes you to fumble your attack.
The hell rat bites you!
Okay, then.
The hell rat closely misses you. The hell rat barely misses you.
You barely miss the hell rat.
The hell rat is severely wounded.
The hell rat bites you but does no damage.
You hit the hell rat.
The hell rat is almost dead.
The hell rat barely misses you. The hell rat bites you!
* * * LOW HITPOINT WARNING * * *
You barely miss the hell rat.
The hell rat is almost dead.
You block the hell rat's attack.
You closely miss the hell rat.
The hell rat is almost dead.
The hell rat bites you!
You die...

#~~~...~#
##.~..†~~##
#~..###.~.#
##~.##~##~~##
#~~~#..~#~~.#
#.†##).~##~~#
#~.#!!~~.#~.#
#∩∩#∩!~~~r~.#
#~.#[?~~~#@~#
#.~##?.~##††#
#~~.#.~ #~†.#
##~~## ##~~##
#...###.~.#
##....†.~##
#~~.~~..#
###...###
#####


You could see a hell rat.

Vanquished Creatures
  Jessica (D:2)
  An adder (D:2)
  2 river rats (Sewer)
  A worm (D:3)
  4 ball pythons
  7 bats
  An endoplasm (D:1)
  2 giant cockroaches
  5 goblins
  2 hobgoblins (D:2)
  6 kobolds
  2 quokkas (D:2)
  7 frilled lizards
  14 rats
55 creatures vanquished.

Notes
Turn   | Place    | Note
-------+----------+-------------------------------------------
     0 | D:1      | Bnni the Formicid Fighter began the quest for the Orb.
     0 | D:1      | Reached XP level 1. HP: 18/18 MP: 1/1
   143 | D:1      | Reached XP level 2. HP: 20/24 MP: 2/2
   368 | D:1      | Reached XP level 3. HP: 23/29 MP: 3/3
   748 | D:2      | Noticed Jessica
   757 | D:2      | Killed Jessica
   758 | D:2      | Reached XP level 4. HP: 30/37 MP: 4/4
  1028 | D:2      | Reached skill level 5 in Shields
  1563 | D:3      | Found a glowing drain.
  1567 | Sewer    | Entered a sewer
  1623 | Sewer    | Reached XP level 5. HP: 11/42 MP: 5/5
  1798 | Sewer    | Mangled by a hell rat

Illustrated notes

Levels and vault maps discovered:
D:1:      heliophobic_arrival_ceremonial_halls, layout_basic
D:2:      layout_loops_ring, uniq_jessica
D:3:      layout_loops_ring, gup_sewer_entry_bowl
Sewer:    sewer_hellmonk_bad_rat

Skill      XL: |  1  2  3  4 |
---------------+-------------+-----
Polearms       | 3 |  3.7
Shields        | 5 |  5.0
Fighting       | 4 |  4.0
Armour         | |  3.2

Action                   |  1- 3 |  4- 6 || total
-------------------------+-------+-------++-------
Melee: Trident           |    66 |   100 ||   166
Armor: Scale mail        |    24 |    29 ||    53
Dodge: Dodged            |    24 |    41 ||    65
Block: Buckler           |    15 |    17 ||    32

Table legend: (Time is in decaauts)
 A = Elapsed time spent in this place.
 B = Non-inter-level travel time spent in this place.
 C = Inter-level travel time spent in this place.
 D = Time resting spent in this place.
 E = Time spent auto-exploring this place.
 F = Levels seen in this place.
 G = Mean time per level.
                   A        B        C        D        E       F      G
               +--------+--------+--------+--------+--------+-----+--------+
         Total |   1842 |   1793 |     49 |    141 |   1235 |   4 |  460.5 |
       Dungeon |   1592 |   1543 |     49 |      5 |   1214 |   3 |  530.7 |
         Sewer |    249 |    249 |      0 |    136 |     21 |   1 |  249.0 |
               +--------+--------+--------+--------+--------+-----+--------+

Top non-repeatable levels by time:
     D:2: 845 daAuts
     D:1: 637 daAuts
   Sewer: 249 daAuts
     D:3: 109 daAuts
